 Dungeon Crawl Stone Soup version 0.25.0-26-g0c896c7088 (webtiles) character file.

Game seed: 1909142487023593472

6128 Dirian the Cleaver (level 10, -9/86 HPs)
             Began as a Minotaur Fighter on July 1, 2020.
             Was a Priest of Makhleb.
             Mangled by a komodo dragon (23 damage)
             ... on level 11 of the Dungeon.
             The game lasted 00:18:48 (8969 turns).

Dirian the Cleaver (Minotaur Fighter)               Turns: 8969, Time: 00:18:49

Health: -9/86      AC: 13    Str: 23    XL:     10   Next: 59%
Magic:  13/13      EV:  7    Int:  5    God:    Makhleb [***...]
Gold:   684        SH: 12    Dex: 11    Spells: 9/9 levels left

rFire    + . .     SeeInvis .   a - +2 war axe
rCold    . . .     Gourm    .   c - +1 kite shield
rNeg     . . .     Faith    .   F - +0 chain mail
rPois    .         Spirit   .   (helmet restricted)
rElec    .         Reflect  .   p - +0 cloak
rCorr    +         Harm     .   (no gloves)
MR       .....                  b - +0 pair of boots
Stlth    ..........             o - amulet of regeneration
HPRegen  0.64/turn              M - ring of resist corrosion
MPRegen  0.13/turn              H - ring of protection from fire

@: studying Invocations
A: retaliatory headbutt, horns 2
a: Minor Destruction, Lesser Servant of Makhleb, Renounce Religion


You were on level 11 of the Dungeon.
You worshipped Makhleb.
Makhleb was most pleased with you.
You were not hungry.

You visited 2 branches of the dungeon, and saw 12 of its levels.

You collected 684 gold pieces.

Inventory:

Hand Weapons
 a - a +2 war axe (weapon)
 r - a +0 war axe
Armour
 b - a +0 pair of boots (worn)
 c - a +1 kite shield (worn)
 p - a +0 cloak (worn)
 D - a scarf of repulsion
 F - a +0 chain mail (worn)
Jewellery
 i - an uncursed ring of positive energy
 o - an amulet of regeneration (around neck)
 z - an uncursed amulet of reflection
 H - a ring of protection from fire (right hand)
 M - a ring of resist corrosion (left hand)
Wands
 v - a wand of digging (6)
 x - a wand of disintegration (20)
 C - a wand of flame (19)
 E - a wand of paralysis (12)
 G - a wand of iceblast (14)
 I - a wand of acid (4)
 K - a wand of polymorph (10)
Scrolls
 l - a scroll of enchant armour
 s - 2 scrolls of immolation
 t - 3 scrolls of teleportation
 u - a scroll of magic mapping
Potions
 d - 2 potions of might
 f - 3 potions of degeneration
 g - a potion of magic
 h - 3 potions of haste
 j - a potion of cancellation
 k - a potion of berserk rage
 n - 3 potions of resistance
 q - a potion of curing
 A - 2 potions of flight
 B - 2 potions of mutation
Books
 N - a manual of Invocations
Comestibles
 e - 24 rations
 m - 2 chunks of flesh


   Skills:
 + Level 7.4 Fighting
 + Level 13.2 Axes
 + Level 8.3 Armour
 + Level 8.3 Shields
 * Level 6.4 Invocations


You had 9 spell levels left.
You didn't know any spells.
Your spell library contained the following spells:

 Spells                   Type           Power        Failure   Level  Hunger
 Infusion                 Chrm           #...         100%        1    ##.....
 Shroud of Golubria       Chrm/Tloc      #.....       100%        2    ###....
 Song of Slaying          Chrm           #.......     100%        2    ###....
 Ozocubu's Armour         Chrm/Ice       #.......     100%        3    ####...
 Spectral Weapon          Hex/Chrm       #.......     100%        3    ####...


Dungeon Overview and Level Annotations

Branches:
Dungeon (11/15)            Temple (1/1) D:6            Lair (0/6) D:9
    Orc: D:9-12

Altars:
Ashenzari
Cheibriados
Dithmenos
Elyvilon
Fedhas
Gozag
Hepliaklqana
Kikubaaqudgha
Makhleb
Nemelex Xobeh
Okawaru
Qazlal
Ru
Sif Muna
Trog
Uskayaw
Vehumet
Wu Jian
Xom
Yredelemnul
Zin
The Shining One

Shops:
D:9 [


Innate Abilities, Weirdness & Mutations

You reflexively headbutt those who attack you in melee.
You have a pair of horns on your head.


Message History

The komodo dragon barely misses your smoke demon.
The komodo dragon barely misses your smoke demon.
The komodo dragon bites your smoke demon!
Your smoke demon hits the komodo dragon but does no damage. x3
The komodo dragon bites your smoke demon!!
Your smoke demon hits the komodo dragon but does no damage.
Your smoke demon closely misses the komodo dragon.
Your smoke demon hits the komodo dragon but does no damage.
The komodo dragon bites your smoke demon.
Your smoke demon gestures at the komodo dragon.
The sticky flame hits the komodo dragon but does no damage.
The komodo dragon is covered in liquid flames!
The komodo dragon bites you!!
* * * LOW HITPOINT WARNING * * *
You hit the komodo dragon but do no damage.
The komodo dragon burns!
Your smoke demon hits the komodo dragon but does no damage. x2
Your smoke demon hits the komodo dragon.
The komodo dragon bites you!!
You die...

####.# ######## #.#
#......#### #.# #.........#
####.# ****#.........#####
.....# *,,,+.............#
#########+###.............#
#.............†......^.#
###'###.>......3l.#.l..).#
#.....#....#...@..#......#
#.....#.)..#......#......#
#.....#))..#......#......#
###'###....######.#......#
#.#
#....######..##...########
#.#
#..........÷..............
#.#
#.......####..####.#.#####
#.# ###........##.# #.#.#
####.#
#........##.####'#'####


You could see a komodo dragon (burning) and a friendly smoke demon (summoned).

Vanquished Creatures
  A komodo dragon (D:9)
  A troll (D:9)
  A hornet (D:10)
  A hippogriff (D:5)
  4 hogs (D:8)
  A human (D:8)
  A hungry ghost (D:9)
  A black bear (D:9)
  2 ice beasts
  A sky beast (D:6)
  2 orc warriors
  3 ogres
  3 centaurs
  2 phantoms
  A crocodile (D:9)
  A big kobold (D:7)
  6 bullfrogs
  5 scorpions
  3 killer bees
  7 wights
  A howler monkey (D:6)
  5 centaur zombies
  4 crimson imps
  An orc priest (D:7)
  A bullfrog zombie (D:7)
  6 hounds
  5 jellies
  A gnoll shaman (D:8)
  3 bullfrog skeletons
  A centaur skeleton (D:5)
  Jessica (D:4)
  4 iguanas
  2 orc wizards
  5 worker ants
  2 hound zombies
  A hound skeleton (D:5)
  6 gnolls
  10 adders
  2 adder zombies (D:7)
  3 worms
  2 dart slugs
  8 leopard geckos
  23 orcs
  A ball python (D:8)
  3 giant cockroaches
  6 goblins
  7 hobgoblins
  11 jackals
  3 quokkas
  14 bats
  9 frilled lizards
  13 kobolds
  A leopard gecko skeleton (D:4)
  A quokka skeleton (D:5)
  5 rats
218 creatures vanquished.

Vanquished Creatures (collateral kills)
  An ugly thing (D:11)
1 creature vanquished.

Grand Total: 219 creatures vanquished

Notes
Turn   | Place    | Note
-------+----------+-------------------------------------------
     0 | D:1      | Dirian the Minotaur Fighter began the quest for the Orb.
     0 | D:1      | Reached XP level 1. HP: 19/19 MP: 0/0
    93 | D:1      | Reached XP level 2. HP: 22/27 MP: 1/1
   450 | D:1      | Reached skill level 3 in Axes
   450 | D:1      | Reached XP level 3. HP: 28/33 MP: 2/2
  1011 | D:2      | Reached XP level 4. HP: 37/40 MP: 3/3
  1155 | D:2      | Found a white marble altar of Elyvilon.
  1342 | D:2      | Reached skill level 4 in Axes
  1827 | D:3      | Reached XP level 5. HP: 47/47 MP: 4/4
  2677 | D:4      | Noticed Jessica
  2682 | D:4      | Killed Jessica
  2687 | D:4      | Found a shimmering blue altar of Sif Muna.
  2786 | D:4      | Reached skill level 5 in Axes
  2789 | D:4      | Found a snail-covered altar of Cheibriados.
  2899 | D:4      | Found a stormy altar of Qazlal.
  3282 | D:5      | Entered Level 5 of the Dungeon
  3292 | D:5      | Reached XP level 6. HP: 52/53 MP: 5/5
  3403 | D:5      | Found a hide-covered altar of Uskayaw.
  3445 | D:5      | Reached skill level 5 in Armour
  3485 | D:5      | Reached skill level 6 in Axes
  3534 | D:5      | Noticed a hippogriff
  3546 | D:5      | Killed a hippogriff
  3546 | D:5      | Reached skill level 5 in Shields
  3546 | D:5      | Reached XP level 7. HP: 26/60 MP: 6/6
  3637 | D:5      | Reached skill level 7 in Axes
  3871 | D:5      | Found a burning altar of Makhleb.
  3961 | D:5      | Reached skill level 5 in Fighting
  4113 | D:6      | Found an opulent altar of Gozag.
  4221 | D:6      | Reached skill level 8 in Axes
  4337 | D:6      | Found a staircase to the Ecumenical Temple.
  4349 | Temple   | Entered the Ecumenical Temple
  4667 | D:6      | Reached XP level 8. HP: 66/68 MP: 7/7
  4738 | D:6      | Reached skill level 9 in Axes
  5078 | D:5      | Became a worshipper of Makhleb the Destroyer
  5236 | D:6      | Found a hazy altar of Hepliaklqana.
  5349 | D:7      | Reached skill level 1 in Invocations
  5579 | D:7      | Reached skill level 10 in Axes
  5834 | D:7      | Reached * piety under Makhleb
  5874 | D:7      | Found a glowing silver altar of Zin.
  5948 | D:7      | Identified a scroll of acquirement
  5997 | D:8      | Reached XP level 9. HP: 75/75 MP: 9/9
  6141 | D:8      | Reached skill level 11 in Axes
  6147 | D:8      | Reached ** piety under Makhleb
  6492 | D:8      | Reached skill level 12 in Axes
  6834 | D:9      | Noticed a troll
  6923 | D:9      | Killed a troll
  6923 | D:9      | Reached XP level 10. HP: 80/84 MP: 12/12
  6952 | D:9      | Reached skill level 5 in Invocations
  7260 | D:9      | Found Uveloshri's Antique Armour Boutique.
  7349 | D:9      | Found a staircase to the Lair.
  7360 | D:9      | Reached *** piety under Makhleb
  7709 | D:10     | Entered Level 10 of the Dungeon
  7777 | D:10     | You fall into a shaft and drop 1 floor!
  7813 | D:11     | Noticed a cyan ugly thing
  7841 | D:11     | HP: 3/86 [cyan ugly thing (17)]
  8035 | D:10     | Found a bloodstained altar of Trog.
  8223 | D:10     | Reached skill level 13 in Axes
  8255 | D:10     | Paralysed by a hornet for 1 turns
  8959 | D:11     | Killed a cyan ugly thing
  8969 | D:11     | Mangled by a komodo dragon

Illustrated notes

Levels and vault maps discovered:
D:1:      dpeg_arrival_rooms_with_view, layout_basic
D:2:      layout_rooms, first_ration, elyvilon_altar_5
D:3:      layout_basic, guppyfry_early_lair_pool
D:4:      layout_basic, nicolae_overflow_crystal_walls, old_standard_altar,
          tgw_sif
D:5:      layout_loops_ring, eat_drink_and_be_merry_uskayaw,
          nicolae_overflow_hidden_temple
D:6:      layout_loops_ring, kennysheep_little_box, minmay_temple_entry_fiery,
          hangedman_decor_riveting, grunt_gozag_breadcrumbs
D:7:      layout_basic, lemuel_doored_altar
D:8:      layout_rooms, grunt_livestock
D:9:      layout_loops_ring, dpeg_oklobed_lair, serial_shops,
          nicolae_shop_temple_entry_statues_fountains
D:10:     layout_basic, bloody_trog
D:11:     layout_basic
Temple:   regret_index_temple_waves

Skill      XL: |  1  2  3  4  5  6  7  8  9 10 |
---------------+-------------------------------+-----
Armour         | 4 5 6 7 8 |  8.3
Shields        | 4 5 6 7 8 |  8.3
Fighting       | 4 5 6 7 |  7.4
Axes           | 3 4 5 6 8 10 12 13 | 13.2
Invocations    | 1 4 6 |  6.4

Action                   |  1- 3 |  4- 6 |  7- 9 | 10-12 || total
-------------------------+-------+-------+-------+-------++-------
Melee: War axe           |    68 |   133 |   316 |   184 ||   701
       Headbutt          |    13 |    20 |    68 |    41 ||   142
Invok: Lesser Servant of |       |       |       |     2 ||     2
       Minor Destruction |       |       |       |     1 ||     1
  Use: Scroll            |       |    12 |    11 |     5 ||    28
       Potion            |       |       |       |     5 ||     5
  Eat: Chunk             |       |     5 |     8 |     9 ||    22
       Ration            |       |     1 |     1 |       ||     2
Armor: Scale mail        |    31 |    55 |    35 |       ||   121
       Chain mail        |       |       |    88 |    62 ||   150
Dodge: Dodged            |    26 |    40 |    56 |    30 ||   152
Block: Kite shield       |    40 |    84 |   172 |    85 ||   381
